 Dungeon Crawl Stone Soup version 0.25-a0-565-g8875c97ebb (webtiles) character file.

Game seed: 10023642115334595662, levelgen mode: deterministic

9850 Copybara the Basher (level 11, -21/119 HPs)
             Began as an Ogre Berserker on Feb 26, 2020.
             Was a Priest of Trog.
             Demolished by a large slime creature (33 damage)
             ... on level 12 of the Dungeon.
             The game lasted 00:35:43 (11145 turns).

Copybara the Basher (Ogre Berserker)               Turns: 11145, Time: 00:35:43

Health: -21/119    AC:  8    Str: 27    XL:     11   Next: 52%
Magic:  11/11      EV: 16    Int:  8    God:    Trog [***...]
Gold:   514        SH:  0    Dex: 14    Spells: 10/10 levels left

rFire    . . .     SeeInvis .   C - +10 giant spiked club of Dyegiab {vorpal, +Fly Dex+3}
rCold    . . .     Gourm    .   (shield currently unavailable)
rNeg     . . .     Faith    +   m - +2 robe
rPois    .         Spirit   .   (helmet restricted)
rElec    .         Reflect  .   B - +2 cloak
rCorr    .         Harm     .   (gloves unavailable)
MR       ++...                  (boots unavailable)
Stlth    ++........             w - amulet of faith
HPRegen  0.29/turn              f - +4 ring of strength
MPRegen  0.12/turn              j - +3 ring of evasion

@: no status effects
A: large, unfitting armour, hooves 1, magic resistance 1, tough skin 1,
evolution 1
a: Berserk, Trog's Hand, Renounce Religion, Evoke Flight


You were on level 12 of the Dungeon.
You worshipped Trog.
Trog was most pleased with you.
You were not hungry.

You visited 1 branch of the dungeon, and saw 12 of its levels.

You collected 626 gold pieces.
You spent 112 gold pieces at shops.

Inventory:

Hand Weapons
 C - the +10 giant spiked club of Dyegiab (weapon) {vorpal, +Fly Dex+3}
   (Trog gifted it to you on level 10 of the Dungeon)

   It inflicts extra damage upon your enemies.
   It affects your dexterity (+3).
   It lets you fly.
Missiles
 i - 23 boomerangs (quivered)
Armour
 m - a +2 robe (worn)
 B - a +2 cloak (worn)
Jewellery
 f - a +4 ring of strength (left hand)
 j - a +3 ring of evasion (right hand)
 u - an uncursed ring of poison resistance
 w - an amulet of faith (around neck)
 y - an uncursed ring of see invisible
Wands
 b - a wand of digging (5)
 p - a wand of disintegration (16)
 v - a wand of paralysis (12)
Scrolls
 h - 6 scrolls of remove curse
 k - 4 scrolls of teleportation
 l - a scroll of immolation {unknown}
 o - 2 scrolls of identify
 q - 2 scrolls of fog
 t - a scroll of magic mapping
 z - a scroll of fear
 D - a scroll of enchant armour
Potions
 a - a potion of heal wounds
 c - a potion of haste
 d - 2 potions of curing
 e - 2 potions of stabbing
 n - a potion of berserk rage
 r - a potion of cancellation
 s - a potion of ambrosia {unknown}
 x - a potion of flight
Comestibles
 g - 14 rations


   Skills:
 + Level 10.6 Fighting
 + Level 10.8 Maces & Flails
 + Level 7.8 Throwing
 + Level 6.3 Dodging
 + Level 4.2 Stealth


You had 10 spell levels left.
You didn't know any spells.
Your spell library contained the following spells:

 Spells                   Type           Power        Failure   Level  Hunger
 Corona                   Hex            #......      41%         1    ##.....
 Ensorcelled Hibernation  Hex/Ice        #.....       54%         2    ###....
 Confusing Touch          Hex            #.......     78%         3    ####...
 Dazzling Flash           Conj/Hex       #.....       78%         3    ####...
 Tukima's Dance           Hex            #.......     78%         3    ####...


Dungeon Overview and Level Annotations

Branches:
Dungeon (12/15)            Temple (0/1) D:4            Lair (0/6) D:9
    Orc (0/2) D:9

Altars:
Ashenzari
Elyvilon
Nemelex Xobeh
Ru
Trog
Uskayaw
Wu Jian
Xom
Yredelemnul

Shops:
D:4 !


Innate Abilities, Weirdness & Mutations

You are too large for most types of armour.
You have tough skin. (AC +1)
You have large cloven feet.
You are resistant to hostile enchantments. (MR+)
You evolve.


Message History

Trog accepts your kill. The slime creature hits you!
The howler monkey barely misses you.
Two slime creatures merge to form a large slime creature. x2
You bludgeon the large slime creature!! You kick the large slime creature.
The large slime creature is moderately wounded.
The howler monkey hoots and howls with incredible vigour! x2
The howler monkey barely misses you.
You hear a shout! x4; You hear two shouts!
You stick the large slime creature like a pincushion!!!
You kick the large slime creature!
The large slime creature is almost dead.
The large slime creature hits you!! The wolf spider zombie hits you!
* * * LOW HITPOINT WARNING * * *
The wolf spider zombie bites you.
* * * LOW HITPOINT WARNING * * *
The howler monkey hits you.
* * * LOW HITPOINT WARNING * * *
The large slime creature closely misses you.
The large slime creature hits you!!
You die...

#.......###
#####..........
...............
...............
...............
......hh.......
......JJh......
#@Z......
#........
#........
#........
#########


You could see 2 large slime creatures, 3 howler monkeys and a wolf spider
zombie.

Vanquished Creatures
  A two-headed ogre (D:10)
  A manticore (D:7)
  An ugly thing (D:11)
  Psyche (D:10)
  A troll (D:5)
  A slime creature (D:12)
  4 hippogriffs
  Sigmund (D:4)
  5 yaks
  A human (D:7)
  A wyvern (D:11)
  3 hogs (D:7)
  5 ice beasts
  3 sky beasts
  4 orc warriors
  2 phantoms
  3 black bears
  An eye of draining (D:10)
  5 ogres
  3 centaurs
  A crocodile (D:5)
  A big kobold (D:8)
  Blork the orc (D:5)
  A gnoll sergeant (D:8)
  8 bullfrogs
  A wyvern skeleton (D:7)
  4 scorpions
  5 howler monkeys
  6 crimson imps
  A bullfrog zombie (D:9)
  A quasit (D:8)
  2 centaur zombies
  A jelly (D:9)
  4 hounds
  9 orc priests
  Ijyb (D:4)
  5 iguanas
  3 centaur skeletons
  10 orc wizards
  7 worker ants
  A hound zombie (D:5)
  A hound skeleton (D:6)
  2 worker ant zombies
  15 gnolls
  6 adders
  3 shadow imps
  12 white imps (D:11)
  An ooze (D:6)
  2 adder skeletons (D:5)
  2 adder zombies
  2 worms
  2 dart slugs (D:1)
  6 leopard geckos
  37 orcs
  A ball python (D:2)
  8 bats
  5 giant cockroaches
  7 goblins
  4 hobgoblins (D:1)
  12 jackals
  6 quokkas
  4 frilled lizards
  A goblin zombie (D:7)
  6 kobolds
  A leopard gecko zombie (D:5)
  A quokka zombie (D:8)
  9 rats
  A rat zombie (D:7)
277 creatures vanquished.

Vanquished Creatures (others)
  5 fungi (D:6)
5 creatures vanquished.

Grand Total: 282 creatures vanquished

Notes
Turn   | Place    | Note
-------+----------+-------------------------------------------
     0 | D:1      | Copybara the Ogre Berserker began the quest for the Orb.
     0 | D:1      | Reached XP level 1. HP: 24/24 MP: 1/1
   206 | D:1      | Reached XP level 2. HP: 19/32 MP: 2/2
  1135 | D:2      | Reached XP level 3. HP: 36/40 MP: 3/3
  1136 | D:2      | Reached ** piety under Trog
  1309 | D:2      | Found a shimmering altar of Xom.
  1501 | D:2      | Found a bloodstained altar of Trog.
  1686 | D:2      | Found a sparkling altar of Nemelex Xobeh.
  1947 | D:3      | Reached XP level 4. HP: 47/49 MP: 4/4
  2125 | D:3      | Found a bloodstained altar of Trog.
  2620 | D:4      | Noticed Sigmund
  2632 | D:4      | Killed Sigmund
  2632 | D:4      | Reached skill level 5 in Fighting
  2632 | D:4      | Reached XP level 5. HP: 57/57 MP: 5/5
  2632 | D:4      | Reached XP level 6. HP: 66/66 MP: 6/6
  2836 | D:4      | Found a staircase to the Ecumenical Temple.
  2963 | D:4      | Found Olycuoxt's Distillery.
  2971 | D:4      | Bought a potion of heal wounds for 70 gold pieces
  2971 | D:4      | Bought a potion of curing for 42 gold pieces
  3313 | D:4      | Noticed Ijyb
  3327 | D:4      | Killed Ijyb
  3498 | D:5      | Entered Level 5 of the Dungeon
  3508 | D:5      | Reached skill level 5 in Maces & Flails
  3563 | D:5      | Reached XP level 7. HP: 74/74 MP: 7/7
  3631 | D:5      | Reached skill level 1 in Throwing
  3856 | D:5      | Reached *** piety under Trog
  4090 | D:5      | Found a shattered altar of Ashenzari.
  4593 | D:5      | Noticed a troll
  4600 | D:5      | Killed a troll
  4600 | D:5      | Reached XP level 8. HP: 46/87 MP: 8/8
  5013 | D:5      | Reached skill level 1 in Stealth
  5045 | D:5      | Found a white marble altar of Elyvilon.
  5067 | D:5      | Noticed Blork the orc
  5072 | D:5      | Killed Blork the orc
  5589 | D:6      | Got a transparent mace
  5603 | D:6      | Identified the +11 mace "Foeppat" {flame, *Rage Int+3
                  | Stlth+} (You found it on level 6 of the Dungeon)
  5682 | D:6      | Reached XP level 9. HP: 93/93 MP: 9/9
  5800 | D:6      | Reached skill level 5 in Dodging
  5865 | D:6      | Found a basalt altar of Yredelemnul.
  6098 | D:6      | Found an ornate altar of the Wu Jian Council.
  6290 | D:6      | Gained mutation: You have large cloven feet. [potion of
                  | mutation]
  6290 | D:6      | Gained mutation: You are resistant to hostile enchantments.
                  | (MR+) [potion of mutation]
  6290 | D:6      | Gained mutation: You evolve. [potion of mutation]
  6292 | D:6      | Reached **** piety under Trog
  6551 | D:7      | Reached skill level 5 in Throwing
  6614 | D:7      | Noticed a manticore
  6620 | D:7      | Killed a manticore
  6620 | D:7      | Reached XP level 10. HP: 77/106 MP: 10/10
  6864 | D:7      | Found a sand-covered staircase.
  7976 | D:8      | Reached ***** piety under Trog
  7976 | D:8      | Received a gift from Trog
  8297 | D:9      | Found a staircase to the Lair.
  8613 | D:9      | Found a staircase to the Orcish Mines.
  8616 | D:9      | Found a hide-covered altar of Uskayaw.
  8783 | D:9      | Found a sacrificial altar of Ru.
  8863 | D:10     | Entered Level 10 of the Dungeon
  9006 | D:10     | Noticed Psyche
  9019 | D:10     | Killed Psyche
  9019 | D:10     | Reached XP level 11. HP: 102/117 MP: 11/11
  9075 | D:10     | Reached skill level 10 in Fighting
  9127 | D:10     | Reached skill level 10 in Maces & Flails
  9430 | D:10     | Noticed a two-headed ogre
  9439 | D:10     | Killed a two-headed ogre
  9604 | D:10     | Received a gift from Trog
  9607 | D:10     | Got a brightly glowing giant spiked club {god gift}
  9608 | D:10     | Identified the +10 giant spiked club of Dyegiab {vorpal,
                  | +Fly Dex+3} (Trog gifted it to you on level 10 of the
                  | Dungeon)
 10150 | D:11     | Found a frozen archway.
 10372 | D:11     | Noticed a cyan ugly thing
 10379 | D:11     | Killed a cyan ugly thing
 11145 | D:12     | Demolished by a large slime creature

Levels and vault maps discovered:
D:1:      tarquinn_simple_flora_water_b, layout_basic, interstate_on_off
D:2:      layout_basic, nemelex_altar_shiori, lemuel_crystal_altar,
          st_stairs_12, trog_three_pillars_becter
D:3:      layout_loops_ring, bloody_trog
D:4:      layout_basic, minmay_temple_entry_antechambers, serial_shops, shop,
          serial_bayou_pond_c, uniq_ijyb, uniq_sigmund
D:5:      minmay_inner_zag, layout_layer_cave, ashenzari_conservatory_becter,
          overflow_temple_1_default, first_ration, hangedman_decor_riveting,
          uniq_blork_the_orc
D:6:      minmay_skewed_foursquare, layout_loops_ring,
          lemuel_coloured_pillars_altar, yredelemnul_altar_generic,
          serial_aquarium, aquarium_bridge_square [aquarium_subvault_bridge,
          aquarium_subvault_bridge, aquarium_subvault_bridge,
          aquarium_subvault_balcony], aquarium_window_fake,
          aquarium_window_fake, aquarium_view_2b, aquarium_balcony_double_2
D:7:      layout_basic, enter_ossuary_4, grunt_livestock
D:8:      layout_layer_cave
D:9:      layout_layer_cave, old_standard_altar,
          nicolae_ru_sacrificial_ziggurat, lair_entry_dummy, orc_0_dummy
D:10:     layout_basic, minivault_26, hangedman_abyss_or_decor_stagger,
          hex_intersection, uniq_psyche
D:11:     layout_layer_cave, portal_ice_cave_entry_imps
D:12:     layout_irregular_city, serial_bayou_pond_c

Skill      XL: |  1  2  3  4  5  6  7  8  9 10 11 |
---------------+----------------------------------+-----
Dodging        | 3 4 5 6 |  6.3
Maces & Flails | 3 4 5 6 7 8 9 10 | 10.8
Fighting       | 5 7 8 9 10 | 10.6
Throwing       | 2 4 6 7 |  7.8
Stealth        | 1 2 3 4 |  4.2

Action                   |  1- 3 |  4- 6 |  7- 9 | 10-12 || total
-------------------------+-------+-------+-------+-------++-------
Melee: Mace              |   116 |    75 |   171 |   218 ||   580
       Kick              |       |       |     6 |    72 ||    78
       Giant spiked club |       |       |       |    76 ||    76
Throw: Boomerang         |       |     5 |    92 |    44 ||   141
Invok: Berserk           |     4 |     2 |       |     3 ||     9
       Trog's Hand       |     1 |     1 |       |       ||     2
  Use: Potion            |     7 |     1 |     2 |     3 ||    13
       Scroll            |     9 |     3 |     3 |     8 ||    23
 Stab: Distracted        |       |       |     1 |       ||     1
       Sleeping          |       |       |       |     5 ||     5
  Eat: Ration            |     2 |     2 |     3 |     4 ||    11
       Chunk             |       |       |     3 |     4 ||     7
Armor: Animal skin       |    36 |     8 |       |       ||    44
       Robe              |       |     6 |    30 |    49 ||    85
Dodge: Dodged            |    77 |    53 |   119 |   197 ||   446

Table legend:
 A = Non-vault XP
 B = Vault XP
 C = Vault XP percentage of total XP
 D = Non-vault monster count
 E = Vault monster count
 F = Vault count percentage of total count
                 A         B        C        D         E       F
            +---------+---------+-------+---------+---------+-------
      Total |   11303 |    2769 |  19.7 |     243 |      34 |  12.3
            +---------+---------+-------+---------+---------+-------
        D:1 |      31 |       0 |   0.0 |      17 |       0 |   0.0
        D:2 |      25 |       2 |   7.4 |      15 |       1 |   6.2
        D:3 |      76 |       0 |   0.0 |      13 |       0 |   0.0
        D:4 |      40 |     277 |  87.4 |       3 |       2 |  40.0
        D:5 |     897 |     587 |  39.6 |      30 |       4 |  11.8
        D:6 |     881 |     343 |  28.0 |      23 |       7 |  23.3
        D:7 |    1750 |     994 |  36.2 |      33 |       7 |  17.5
        D:8 |    1816 |       0 |   0.0 |      28 |       0 |   0.0
        D:9 |     972 |       0 |   0.0 |      26 |       0 |   0.0
       D:10 |    3144 |     439 |  12.3 |      41 |       1 |   2.4
       D:11 |    1415 |     127 |   8.2 |      13 |      12 |  48.0
       D:12 |     256 |       0 |   0.0 |       1 |       0 |   0.0
            +---------+---------+-------+---------+---------+-------
